 Dungeon Crawl Stone Soup version 0.22.1-57-g7394efd (webtiles) character file.

36 smallpebble the Stinger (level 3, -3/24 HPs)
             Began as a Merfolk Venom Mage on Mar 20, 2019.
             Slain by an adder (4 damage)
             ... on level 1 of the Dungeon.
             The game lasted 00:14:33 (1482 turns).

smallpebble the Stinger (Merfolk Venom Mage)        Turns: 1482, Time: 00:14:34

Health: -3/24      AC:  2    Str:  8    XL:     3   Next: 37%
Magic:  0/6        EV: 13    Int: 15    God:
Gold:   52         SH:  0    Dex: 14    Spells: 0/6 levels left

rFire    . . .     SeeInvis .   e - +0 club
rCold    . . .     Gourm    .   (no shield)
rNeg     . . .     Faith    .   a - +0 robe
rPois    .         Spirit   .   (no helmet)
rElec    .         Reflect  .   (no cloak)
rCorr    .         Harm     .   (no gloves)
MR       .....                  (no boots)
Stlth    ++........             (no amulet)
HPRegen  0.08/turn              (no ring)
MPRegen  0.10/turn              (no ring)

@: lethally poisoned (-3 -> -4), starving
A: change form in water, swift swim, stealthy swim
a: no special abilities


You were on level 1 of the Dungeon.
You were starving.

You visited 1 branch of the dungeon, and saw 2 of its levels.

You collected 52 gold pieces.

Inventory:

Hand Weapons
 e - a +0 club (weapon)
 f - a cursed -3 club
 i - a +0 mace
Missiles
 d - 37 stones (quivered)
Armour
 a - a +0 robe (worn)
 g - a +0 leather armour
 h - a +0 ring mail
Scrolls
 b - a scroll of enchant weapon {unknown}
 j - a scroll of teleportation {unknown}
 k - 3 scrolls of identify {unknown}
Comestibles
 c - 3 rations


   Skills:
 + Level 3.2 Dodging
 + Level 2.2 Stealth
 + Level 0.2 Unarmed Combat
 + Level 2.3 Spellcasting
 + Level 0.8 Conjurations
 + Level 4.1 Poison Magic


You couldn't memorise any spells.
You knew the following spells:

 Your Spells              Type           Power        Failure   Level  Hunger
a - Sting                 Conj/Pois      #...         8%          1    #......
b - Poisonous Vapours     Pois/Air       #.....       14%         2    ###....
c - Mephitic Cloud        Conj/Pois/Air  #.......     32%         3    ###....

Your spell library contained the following spells:

 Spells                   Type           Power        Failure   Level  Hunger
 Olgreb's Toxic Radiance  Pois           ##......     36%         4    #####..
 Venom Bolt               Conj/Pois      #.........   91%         5    ######.


Dungeon Overview and Level Annotations

Branches:
Dungeon (2/15)

Altars:


Message History

Unknown command.
The adder barely misses you.
* * * LOW HITPOINT WARNING * * *
You feel sick. The adder closely misses you.
* * * LOW HITPOINT WARNING * * *
You feel sick.
The adder looks more healthy.
Your magical contamination has completely faded away.
Casting: Poisonous Vapours (safe; 14% risk of failure)
Confirm with . or Enter, or press ? or * to list all spells.
Aiming: Sting (safe; 8% risk of failure)
Press: ? - help, Shift-Dir - straight line, f/p - adder
Aim: an adder (severely wounded)
The sting misses the adder.
You are starving!
The adder bites you but does no damage. The adder closely misses you.
* * * LOW HITPOINT WARNING * * *
You feel sick. The adder bites you.
You die...

.# #.....#####...###### .#
###.#............... .#
###.################
.#############........########
......................#......#
..###########.........#......#
..# #.........'......# ..#
#...S.....#......#
..###########...@.....#......#
......................#......#
#.##........##........#......#
#.##............##########†###
#.##........###.# ##'##
#.##........# #.# #...#
#.##........# #.#########...#
#.##........# #.##..........#
#.##........# #.##..........#


You could see an adder.

Vanquished Creatures
  An ooze (D:1)
  2 dart slugs (D:1)
  8 bats (D:1)
  A giant cockroach (D:1)
  3 goblins (D:1)
  4 hobgoblins
  2 frilled lizards (D:1)
  3 kobolds (D:1)
  3 rats (D:1)
27 creatures vanquished.

Notes
Turn   | Place    | Note
-------+----------+-------------------------------------------
     0 | D:1      | smallpebble the Merfolk Venom Mage began the quest for the
                  | Orb.
     0 | D:1      | Reached XP level 1. HP: 13/13 MP: 3/3
   192 | D:1      | Reached XP level 2. HP: 19/19 MP: 0/5
   247 | D:1      | Learned a level 2 spell: Poisonous Vapours
   362 | D:1      | Reached skill level 4 in Poison Magic
   642 | D:1      | Reached XP level 3. HP: 24/24 MP: 3/6
   749 | D:1      | Learned a level 3 spell: Mephitic Cloud
  1476 | D:1      | HP: 1/24 [poisoned by an adder]
  1482 | D:1      | Slain by an adder

Skill      XL: |  1  2 |
---------------+-------+-----
Poison Magic   | 4 |  4.1
Dodging        | 3 |  3.2
Stealth        | |  2.2
Unarmed Combat | |  0.2
Spellcasting   | |  2.3
Conjurations   | |  0.8

Action                   || total
-------------------------++-------
Melee: Unarmed           ||    15
       Club              ||    47
 Cast: Sting             ||    29
       Poisonous Vapours ||     9
  Eat: Chunk             ||     1
Armor: Robe              ||    20
Dodge: Dodged            ||    81
